 Dungeon Sprint DCSS version 0.27-a0-1256-gced786f65e (webtiles) character file.

Game seed: 7085295006784953192

292487 mhtbhm the Fencer (level 13, 56/136 HPs)
             Began as a Minotaur Berserker on June 10, 2021.
             Was the Champion of Trog.
             Escaped with the Orb!
             The game lasted 00:11:44 (8177 turns).

mhtbhm the Fencer (Minotaur Berserker)              Turns: 8177, Time: 00:11:44

Health: 56/136     AC: 14    Str: 28    XL:     13   Next: 64%
Magic:  21/21      EV: 15    Int: 14    God:    Trog [******]
Gold:   165        SH:  0    Dex: 11    Spells: 12/12 levels left

rFire    . . .     SeeInvis .   n - +7 pair of quick blades "Gyre" and "Gimble" {protect}
rCold    . . .     Faith    +   (shield currently unavailable)
rNeg     + + +     Spirit   .   b - +5 scale mail of the Ant {Int+6}
rPois    +         Reflect  .   (helmet restricted)
rElec    .         Harm     .   (no cloak)
rCorr    .         Rampage  .   (no gloves)
Will     +....     NoTele   +   (no boots)
Stlth    ++........             o - amulet of Haotosew {Faith rN+ Will+}
HPRegen  0.32/turn              i - ring of Nuopn {rPois rN+++ MP+9 Str+2 Int+4}
MPRegen  0.17/turn              (no ring)

@: no status effects
A: horns 2, retaliatory headbutt
0: Orb of Zot
a: Renounce Religion, Berserk, Trog's Hand, Brothers in Arms


You escaped.
You worshipped Trog.
Trog was exalted by your worship.
You visited 1 branch You collected 496 gold pieces.
You spent 331 gold pieces at shops.

Inventory:

Hand Weapons
 a - a +5 triple sword of flaming
 n - the +7 pair of quick blades "Gyre" and "Gimble" (weapon) {protect}
   (You took it off a spriggan in the Dungeon)

   It grants its wielder temporary protection when it strikes (+7 to AC).
Missiles
 q - 3 curare-tipped darts (quivered)
Armour
 b - the +5 scale mail of the Ant (worn) {Int+6}
   (You bought it in a shop in the Dungeon)

   It affects your intelligence (+6).
Jewellery
 i - the ring of Nuopn (left hand) {rPois rN+++ MP+9 Str+2 Int+4}
   (You bought it in a shop in the Dungeon)

   [ring of magical power]

   It affects your strength (+2).
   It affects your intelligence (+4).
   It protects you from poison.
   It renders you almost immune to negative energy.
   It affects your magic capacity (+9).
 o - the amulet of Haotosew (around neck) {Faith rN+ Will+}
   (You found it in the Dungeon)

   [amulet of faith]

   It allows you to gain divine favour quickly.
   It protects you from negative energy.
   It increases your willpower.
Wands
 k - a wand of flame (17)
Scrolls
 j - a scroll of identify {unknown}
 l - a scroll of summoning {unknown}
 m - a scroll of fear {unknown}
Potions
 c - a potion of curing
 d - a potion of heal wounds
 f - 2 potions of magic
 g - 2 potions of berserk rage
Miscellaneous
 p - a phial of floods


   Skills:
 + Level 18.9 Fighting
 + Level 13.0(16.9) Short Blades
 + Level 19.1(20.5) Long Blades
 + Level 1.6 Throwing
 + Level 13.6 Armour
 + Level 12.4 Dodging
 + Level 15.7 Stealth
 + Level 12.0 Evocations


You had 12 spell levels left.
You didn't know any spells.
Your spell library was empty.

Dungeon Overview and Level Annotations

Branches:
Dungeon (1/1)

Altars:
Cheibriados
Dithmenos
Elyvilon
Gozag
Hepliaklqana
Kikubaaqudgha
Makhleb
Nemelex Xobeh
Okawaru
Qazlal
Ru
Sif Muna
Trog
Uskayaw
Vehumet
Wu Jian
Xom
Yredelemnul
Zin
The Shining One
Beogh
Jiyva
Lugonu

Shops:
D =:[[*[[*(*[*=(:[[*(([


Innate Abilities, Weirdness & Mutations

You have a pair of horns on your head.
You reflexively headbutt those who attack you in melee.


Message History

There is an entrance to Opredap's Assorted Antiques here.
There is an entrance to Ofutras's Assorted Antiques here.
There is an open door here.
A daeva comes into view.
It is wielding a +5 scimitar of holy wrath.
The daeva shouts!
A pandemonium lord, a lich and 2 ancient liches come into view.
The lich shouts!
The ancient lich shouts! x2
Blink to where?
Press: ? - help, Dir - move target
As you read the scroll of blinking, it crumbles to dust.
The daeva calls down the wrath of the Shining One upon you.
The Shining One smites you!
You feel yourself speed up.
The daeva calls down the wrath of the Shining One upon you.
The Shining One smites you!
The daeva calls down the wrath of the Shining One upon you.
The Shining One smites you!
The daeva calls down the wrath of the Shining One upon you.
The Shining One smites you!
* * * LOW HITPOINT WARNING * * *
Things that are here:
a +0 war axe; a +0 animal skin
There is an open door, spattered with blood here.
Things that are here:
a +7 lajatang of electrocution; a +0 robe
There is an open door here.
There is an open door here.
You close the door.
There is an open door here.
You see here a +0 leather armour.
Your extra speed is starting to run out.
There is an open door here.
There is an open door here.
There is an open door here.
You feel yourself slow down.
There is an open door here.
There is an open door here.
There is an open door here.
There is a staircase leading out of the dungeon here.
You have escaped!

##################
#@..P#.....#...[.#
#PP..'.....'.#.).'
#PPPP#.....#.#...#
###############'##
#...♣........'...#
#......♣.....#...#
#.....♣..♣..######
##'####'######.['.
#[.#.)..'.......#♣


There were no monsters in sight!

Vanquished Creatures
  the Enchantress (D)
  An Orb Guardian (D)
  Agnes (D)
  2 ghost moths (D)
  6 spriggan defenders (D)
  A hell beast (D)
  5 spriggan berserkers (D)
  4 spriggan druids (D)
  25 oklob plants (D)
  3 moths of wrath (D)
  3 demonic crawlers (D)
  A red devil (D)
  3 burning bushes (D)
  3 wandering mushrooms (D)
  10 hornets (D)
  2 queen bees (D)
  A chaos spawn (D)
  4 scorpions (D)
  4 killer bees (D)
  5 oklob saplings (D)
  11 spriggans (D)
  A river rat (D)
  A rat (D)
  A ballistomycete spore (D)
99 creatures vanquished.

Vanquished Creatures (collateral kills)
  A demonic crawler (D)
1 creature vanquished.

Vanquished Creatures (others)
  A ballistomycete spore (D)
  A bush (D)
  A fungus (D)
3 creatures vanquished.

Grand Total: 103 creatures vanquished

Notes
Turn   | Place    | Note
-------+----------+-------------------------------------------
     0 | D        | mhtbhm the Minotaur Berserker began the quest for the Orb.
     0 | D        | Reached XP level 1. HP: 19/19 MP: 0/0
     8 | D        | Reached skill level 4 in Long Blades
     8 | D        | Reached XP level 2. HP: 28/28 MP: 1/1
   164 | D        | Noticed an oklob sapling
   166 | D        | Killed an oklob sapling
   166 | D        | Reached ** piety under Trog
   167 | D        | Reached skill level 6 in Long Blades
   167 | D        | Reached XP level 3. HP: 37/37 MP: 2/2
   308 | D        | Noticed a scorpion
   309 | D        | Found the amulet of invisibility {+Inv}
   313 | D        | Killed a scorpion
   314 | D        | Reached skill level 7 in Long Blades
   314 | D        | Reached XP level 4. HP: 47/47 MP: 3/3
   372 | D        | Found an opulent altar of Gozag.
   372 | D        | Found a hazy altar of Hepliaklqana.
   372 | D        | Found a burning altar of Makhleb.
   372 | D        | Found a sparkling altar of Nemelex Xobeh.
   372 | D        | Found a snail-covered altar of Cheibriados.
   372 | D        | Found a sacrificial altar of Ru.
   372 | D        | Found a shimmering blue altar of Sif Muna.
   372 | D        | Found a shimmering altar of Xom.
   372 | D        | Found a basalt altar of Yredelemnul.
   373 | D        | Found a viscous altar of Jiyva.
   373 | D        | Found a bloodstained altar of Trog.
   373 | D        | Found an ornate altar of the Wu Jian Council.
   374 | D        | Found an iron altar of Okawaru.
   374 | D        | Found a shadowy altar of Dithmenos.
   374 | D        | Found a glowing silver altar of Zin.
   375 | D        | Found an ancient bone altar of Kikubaaqudgha.
   375 | D        | Found a hide-covered altar of Uskayaw.
   376 | D        | Found a stormy altar of Qazlal.
   376 | D        | Found a white marble altar of Elyvilon.
   376 | D        | Found a glowing golden altar of the Shining One.
   377 | D        | Found a corrupted altar of Lugonu.
   377 | D        | Found a radiant altar of Vehumet.
   385 | D        | Reached skill level 8 in Long Blades
   385 | D        | Reached XP level 5. HP: 23/55 MP: 2/4
   710 | D        | Reached *** piety under Trog
   711 | D        | Reached skill level 9 in Long Blades
   711 | D        | Reached skill level 1 in Evocations
   766 | D        | Reached skill level 5 in Armour
   768 | D        | Reached skill level 10 in Long Blades
   768 | D        | Reached skill level 5 in Dodging
   768 | D        | Reached XP level 6. HP: 66/66 MP: 5/5
   880 | D        | Found Kaamorr's Book Shop.
   880 | D        | Found Boirhol's Weapon Emporium.
   894 | D        | Noticed a burning bush
   894 | D        | Noticed a wandering mushroom
   895 | D        | Noticed a wandering mushroom
   901 | D        | Killed a wandering mushroom
   901 | D        | Reached **** piety under Trog
   902 | D        | Reached skill level 10 in Fighting
   902 | D        | Reached skill level 11 in Long Blades
   902 | D        | Reached skill level 1 in Stealth
   904 | D        | Reached XP level 7. HP: 54/73 MP: 3/6
   910 | D        | Killed a burning bush
   911 | D        | Reached skill level 12 in Long Blades
   912 | D        | Found Duefo's Antique Weapon Emporium.
   912 | D        | Found Ken Luch's Assorted Antiques.
  1072 | D        | Killed a wandering mushroom
  1073 | D        | Reached skill level 13 in Long Blades
  1260 | D        | Reached XP level 8. HP: 21/83 MP: 7/7
  1757 | D        | Noticed a queen bee
  1763 | D        | Reached ***** piety under Trog
  1771 | D        | Killed a queen bee
  1849 | D        | Noticed an oklob plant
  1858 | D        | Killed an oklob plant
  1859 | D        | Reached skill level 14 in Long Blades
  1859 | D        | Reached skill level 5 in Evocations
  2027 | D        | Noticed a burning bush
  2040 | D        | Killed a burning bush
  2040 | D        | Received a gift from Trog
  2041 | D        | Reached XP level 9. HP: 91/93 MP: 8/8
  2044 | D        | Identified the +8 spear of Quantum Leap {vorpal, Will-
                  | Str+3 SInv}
  2170 | D        | Noticed a burning bush
  2170 | D        | Noticed an oklob plant
  2171 | D        | Noticed a wandering mushroom
  2174 | D        | Killed a burning bush
  2175 | D        | Reached skill level 15 in Long Blades
  2234 | D        | Killed an oklob plant
  2359 | D        | Noticed a spriggan druid
  2360 | D        | Killed a spriggan druid
  2361 | D        | Reached skill level 16 in Long Blades
  2519 | D        | Noticed an oklob plant conjurer
  2520 | D        | Killed an oklob plant conjurer
  2637 | D        | Noticed an oklob plant
  2637 | D        | Noticed an oklob plant summoner
  2638 | D        | Noticed an oklob plant shifter
  2645 | D        | Killed an oklob plant
  2646 | D        | Reached skill level 5 in Stealth
  2646 | D        | Reached XP level 10. HP: 103/103 MP: 7/9
  2649 | D        | Killed an oklob plant summoner
  2649 | D        | Reached ****** piety under Trog
  2659 | D        | Killed an oklob plant shifter
  2659 | D        | Received a gift from Trog
  2778 | D        | Reached skill level 17 in Long Blades
  2847 | D        | Noticed a spriggan rider
  2873 | D        | Found Tehufor's Antique Weapon Emporium.
  2876 | D        | Received a gift from Trog
  3121 | D        | Found Maoxuaga's Antique Armour Shoppe.
  3167 | D        | Noticed Agnes
  3177 | D        | Killed Agnes
  3178 | D        | Reached skill level 10 in Dodging
  3456 | D        | Found Muruoff's Antique Armour Emporium.
  3456 | D        | Noticed a spriggan berserker
  3458 | D        | Found Ceothem's Armour Shoppe.
  3459 | D        | Noticed a spriggan defender
  3471 | D        | Killed a spriggan defender
  3472 | D        | Reached skill level 15 in Fighting
  3472 | D        | Reached skill level 1 in Short Blades
  3472 | D        | Reached skill level 18 in Long Blades
  3472 | D        | Reached XP level 11. HP: 112/112 MP: 10/10
  3608 | D        | Identified the +5 flail of the Tiger {elec, Int+3}
  3728 | D        | Killed a spriggan berserker
  3887 | D        | Noticed a spriggan rider
  3899 | D        | Killed a spriggan rider
  4089 | D        | Found Dexuafan's Jewellery Shoppe.
  4089 | D        | Found Fienun's Book Boutique.
  4089 | D        | Found Zihineni's Armour Emporium.
  4268 | D        | Killed a ghost moth
  4269 | D        | Reached skill level 5 in Short Blades
  4462 | D        | Noticed an oklob plant shifter
  4462 | D        | Noticed an oklob plant meteorologist
  4466 | D        | Killed an oklob plant meteorologist
  4466 | D        | Received a gift from Trog
  4474 | D        | Killed an oklob plant shifter
  4475 | D        | Reached skill level 19 in Long Blades
  4570 | D        | Noticed a spriggan rider
  4833 | D        | Found Ofutras's Assorted Antiques.
  4833 | D        | Found Zocro's Armour Boutique.
  4833 | D        | Found Geeli's Antique Armour Shop.
  4833 | D        | Found Vez Toz's Assorted Antiques.
  4833 | D        | Found Mitheug's Armour Shoppe.
  4834 | D        | Found Opredap's Assorted Antiques.
  4834 | D        | Found Muerutsueti's Antique Armour Shop.
  4834 | D        | Found Xablayl's Antique Weapon Boutique.
  4868 | D        | Bought a polished scale mail for 216 gold pieces
  4868 | D        | Identified the +5 scale mail of the Ant {Int+6} (You bought
                  | it in a shop in the Dungeon)
  4892 | D        | Noticed an oklob plant summoner
  4893 | D        | Found Botoi's Assorted Antiques.
  4894 | D        | Found Osigogu's Jewellery Shop.
  4900 | D        | Killed an oklob plant summoner
  4900 | D        | Received a gift from Trog
  4905 | D        | Noticed an oklob plant demonologist
  4905 | D        | Noticed an oklob plant annihilator
  5239 | D        | Noticed a spriggan berserker
  5251 | D        | Killed a spriggan berserker
  5253 | D        | Killed an oklob plant annihilator
  5264 | D        | Killed an oklob plant demonologist
  5264 | D        | Received a gift from Trog
  5265 | D        | Reached skill level 10 in Evocations
  5267 | D        | Identified the +7 scimitar of Ash {flame, rElec}
  5270 | D        | Identified the amulet of Haotosew {Faith rN+ Will+}
  5335 | D        | Noticed an oklob plant
  5335 | D        | Noticed an oklob plant
  5335 | D        | Noticed an oklob plant
  5335 | D        | Noticed an oklob plant
  5335 | D        | Noticed an oklob plant
  5335 | D        | Noticed an oklob plant
  5336 | D        | Noticed an oklob plant
  5341 | D        | Killed an oklob plant
  5342 | D        | Noticed an oklob plant
  5344 | D        | Killed an oklob plant
  5345 | D        | Reached skill level 10 in Armour
  5345 | D        | Noticed an oklob plant
  5346 | D        | Noticed an oklob plant
  5351 | D        | Killed an oklob plant
  5352 | D        | Reached XP level 12. HP: 124/124 MP: 9/11
  5361 | D        | Reached skill level 10 in Stealth
  5364 | D        | Received a gift from Trog
  5530 | D        | Reached skill level 10 in Short Blades
  5806 | D        | Bought a coiled copper ring for 115 gold pieces
  5806 | D        | Identified the ring of Nuopn {rPois rN+++ MP+9 Str+2 Int+4}
                  | (You bought it in a shop in the Dungeon)
  6009 | D        | Noticed a spriggan defender
  6009 | D        | Noticed a spriggan defender
  6022 | D        | Killed a spriggan defender
  6184 | D        | Identified the +10 scimitar of Execution {vorpal, rElec
                  | Stlth+} (Trog gifted it to you in the Dungeon)
  6184 | D        | Received a gift from Trog
  6313 | D        | Killed a spriggan defender
  6548 | D        | Received a gift from Trog
  6814 | D        | Noticed a spriggan defender
  6830 | D        | Killed a spriggan defender
  6992 | D        | Noticed the Enchantress
  7015 | D        | Killed the Enchantress
  7016 | D        | Reached XP level 13. HP: 133/133 MP: 12/12
  7017 | D        | Received a gift from Trog
  7211 | D        | Received a gift from Trog
  7263 | D        | Identified the +7 scimitar of Mozxujiz {flame, rN++ SInv}
                  | (Trog gifted it to you in the Dungeon)
  7263 | D        | Received a gift from Trog
  7492 | D        | Received a gift from Trog
  7508 | D        | Killed a ghost moth
  7509 | D        | Reached skill level 15 in Stealth
  7851 | D        | Noticed a spriggan defender
  7853 | D        | Noticed a spriggan defender
  7861 | D        | Killed a spriggan defender
  7865 | D        | Killed a spriggan defender
  7866 | D        | Reached skill level 1 in Throwing
  7931 | D        | Got the Orb of Zot
  7987 | D        | Received a gift from Trog
  8026 | D        | Noticed an Orb Guardian
  8040 | D        | Killed an Orb Guardian
  8097 | D        | Noticed a daeva
  8099 | D        | Noticed Rutiweerr the pandemonium lord
  8099 | D        | Noticed a lich
  8099 | D        | Noticed an ancient lich
  8099 | D        | Noticed an ancient lich
  8177 | D        | Escaped with the Orb!

Illustrated notes

Levels and vault maps discovered:
D:        dungeon_sprint_fedhas [sprint_temple]

Skill      XL: |  1  2  3  4  5  6  7  8  9 10 11 12 13 |
---------------+----------------------------------------+-----
Fighting       | 4 6 7 8 9 10 12 13 14 15 16 17 18 | 18.9
Long Blades    | 4 6 7 8 10 11 13 14 16 18 19 | 19.1
Armour         | 3 4 5 6 7 8 9 10 11 13 | 13.6
Dodging        | 3 4 5 6 8 9 10 11 12 | 12.4
Evocations     | 1 3 4 5 7 9 10 11 12 | 12.0
Stealth        | 1 2 5 7 9 13 15 | 15.7
Short Blades   | 1 9 11 13 | 13.0
Throwing       | 1 |  1.6

Action                   |  1- 3 |  4- 6 |  7- 9 | 10-12 | 13-15 || total
-------------------------+-------+-------+-------+-------+-------++-------
Melee: Falchion          |     8 |    20 |    38 |       |       ||    66
       Headbutt          |     3 |     4 |    16 |    37 |    23 ||    83
       Great sword       |       |       |    14 |    13 |       ||    27
       Pair of quick bla |       |       |       |   163 |    83 ||   246
Throw: Dart              |       |       |       |       |     4 ||     4
Invok: Berserk           |     3 |     4 |    10 |    19 |     4 ||    40
       Brothers in Arms  |       |       |       |     3 |     1 ||     4
 Abil: Evoke Invisibilit |       |     3 |     3 |     6 |       ||    12
  Use: Scroll            |       |       |       |       |     1 ||     1
       Potion            |       |       |       |       |     1 ||     1
 Stab: Invisible         |       |     1 |     4 |    20 |       ||    25
       Sleeping          |       |       |     1 |     2 |     1 ||     4
Armor: Leather armour    |       |     1 |     1 |     4 |       ||     6
       Scale mail        |       |       |       |     9 |    15 ||    24
Dodge: Dodged            |     3 |     8 |    14 |    32 |     6 ||    63
       Rpst.: Falchion   |     1 |     3 |     5 |       |       ||     9
       Great sword       |       |       |     1 |       |       ||     1

Table legend: (Time is in decaauts)
 A = Elapsed time spent in this place.
 B = Non-inter-level travel time spent in this place.
 C = Inter-level travel time spent in this place.
 D = Time resting spent in this place.
 E = Time spent auto-exploring this place.
 F = Levels seen in this place.
 G = Mean time per level.
                   A        B        C        D        E       F      G
               +--------+--------+--------+--------+--------+-----+--------+
         Total |   8339 |   8280 |     59 |   6806 |      3 |   1 | 8339.0 |
       Dungeon |   8339 |   8280 |     59 |   6806 |      3 |   1 | 8339.0 |
               +--------+--------+--------+--------+--------+-----+--------+

Top non-repeatable levels by time:
       D: 8339 daAuts
